 Dungeon Crawl Stone Soup version 0.31.0-11-ge490571c62 (webtiles) character file.

Game seed: 12274835401599556541

13993 Flugkiller the Nimble (level 11, -3/89 HPs)
             Began as a Demigod Shapeshifter on Jan 30, 2024.
             Slain by a komodo dragon (27 damage)
             ... on level 8 of the Dungeon.
             The game lasted 00:11:54 (12050 turns).

Flugkiller the Nimble (Demigod Shapeshifter)       Turns: 12050, Time: 00:11:54

Health: -3/89      AC:  7    Str: 27    XL:     11   Next: 53%
Magic:  14/14      EV: 27    Int: 12    God:
Gold:   1441       SH:  0    Dex: 25    Spells: 10/10 levels left

rFire   . .          .
                       - Unarmed
rCold   . . .        (shield currently unavailable)
rNeg    . . .        k - melded +0 plate armour
rPois   .            l - +2 helmet
rElec   .            K - +0 cloak
rCorr   .            e - +2 pair of gloves
SInv    .            (no boots)
Will    +....        (no amulet)
Stlth   +            i - +6 ring of strength
HPRegen 0.34/turn    J - +6 ring of strength
MPRegen 0.14/turn

%: no passive effects
@: flux-form, glowing, studying Dodging
A: glow, contaminating, high MP 1, forlorn, divine attributes
a: Begin Untransformation


You were on level 8 of the Dungeon.
You were something dangerously unstable.
You visited 2 branches of the dungeon, and saw 12 of its levels.
You also visited: Bailey.

You collected 1441 gold pieces.

Inventory:

Hand Weapons
 o - a +1 dagger of distortion
   (You took it off Psyche on level 8 of the Dungeon)
Missiles
 y - a curare-tipped dart (quivered)
 E - a throwing net
Armour
 a - a +4 ring mail
   (You took it off an orc in a bailey)
 e - a +2 pair of gloves (worn)
   (You found it on level 1 of the Dungeon)
 k - a +0 plate armour (melded)
   (You found it on level 2 of the Dungeon)
 l - a +2 helmet (worn)
   (You found it on level 6 of the Dungeon)
 C - a +0 troll leather armour
   (You found it on level 10 of the Dungeon)
 G - a +2 robe of cold resistance
   (You took it off Fannar on level 10 of the Dungeon)
 I - a +0 kite shield
   (You took it off a gnoll sergeant on level 10 of the Dungeon)
 K - a +0 cloak (worn)
   (You found it on level 3 of the Dungeon)
Jewellery
 i - a +6 ring of strength (left hand)
   (You found it on level 4 of the Dungeon)
 H - a ring of ice
   (You took it off Fannar on level 10 of the Dungeon)
 J - a +6 ring of strength (right hand)
   (You found it on level 11 of the Dungeon)
Talismans
 c - a beast talisman
 f - a flux talisman (active)
Wands
 h - a wand of iceblast (5)
   (You found it on level 5 of the Dungeon)
 s - a wand of digging (12)
   (You found it on level 4 of the Dungeon)
 u - a wand of paralysis (8)
   (You found it on level 7 of the Dungeon)
 M - a wand of polymorph (8)
   (You found it on level 11 of the Dungeon)
Scrolls
 g - 3 scrolls of immolation
 j - 2 scrolls of fear
 p - 4 scrolls of torment
 t - a scroll of teleportation
 x - 2 scrolls of silence
 z - 4 scrolls of blinking
 D - a scroll of poison
Potions
 b - a potion of invisibility
 d - 2 potions of might
 m - 2 potions of mutation
 n - a potion of resistance
 q - 6 potions of curing
 v - a potion of cancellation
 w - a potion of heal wounds
 A - a potion of enlightenment
 B - a potion of lignification
 F - 2 potions of brilliance
 L - a potion of attraction


   Skills:
 - Level 6.0 Fighting
 + Level 11.9 Dodging
 - Level 10.0 Unarmed Combat
 - Level 10.0 Shapeshifting


You had 10 spell levels left.
You didn't know any spells.
Your spell library contained the following spells:

 Spells                   Type           Power      Damage    Failure   Level
 Foxfire                  Conj/Fire      0%         2x1d4     32%         1
 Blink                    Tloc           0%         N/A       45%         2
 Ensorcelled Hibernation  Hex/Ice        0%         N/A       45%         2
 Lesser Beckoning         Tloc           0%         N/A       45%         2
 Momentum Strike          Conj/Tloc      0%         3d8       45%         2
 Static Discharge         Conj/Air       0%         3-3/arc   45%         2
 Sublimation of Blood     Necr           0%         N/A       45%         2
 Inner Flame              Hex/Fire       0%         N/A       69%         3
 Passwall                 Erth           0%         N/A       69%         3
 Swiftness                Air            0%         N/A       69%         3
 Airstrike                Air            0%         2d(0-16)  97%         4
 Petrify                  Alch/Erth      0%         N/A       97%         4
 Summon Lightning Spire   Summ/Air       0%         N/A       97%         4
 Irradiate                Conj/Alch      0%         3d11      100%        5
 Ignition                 Fire           0%         3d3       100%        8
 Polar Vortex             Ice            0%         N/A       100%        9


Dungeon Overview and Level Annotations

Branches:
Dungeon (11/15) Zot: 26255  Temple (0/1) D:6            Lair (1/5) D:8 Zot: 5991
    Orc (0/2) D:10         Bailey (visited)

Shops:
D:8 :

Annotations:
D:8 3 runed translucent doors, Arcadio's ghost, novice DECj


Innate Abilities, Weirdness & Mutations

You are something dangerously unstable.
You glow with magical radiation, making you easy to see and hit.
Foes you strike become dangerously contaminated with magical radiation.
You are incapable of wielding weapons or throwing items.
You have an increased reservoir of magic. (+10% MP)
You shall have no god before yourself.
Your divine heritage dramatically boosts your attributes as you level up.


Message History

You punch the yak!
You kill the yak!
The yak misses you.
Things that are here:
4 stones; a yak corpse You hit the yak.
The yak begins to glow.
The yak is lightly wounded.
The yak misses you.
You completely miss the yak.
The yak is lightly wounded.
The yak barely misses you.
You punch the yak!
The yak glows dangerously bright.
The yak is moderately wounded.
The yak completely misses you.
You hit the yak.
The yak shudders as magic cascades through it!!
You kill the yak!
You see here a yak corpse.
You start resting.
HP restored.
j - 2 scrolls of fear (gained 1)
M - a wand of polymorph (8)
You open the door.
There is an open door here.
There is an open door here.
You see here a +0 club.
Items here: )) [[ ÷÷.
Done exploring.
Done exploring.
Done exploring.
As you read the scroll of identify, it crumbles to dust.
A - a potion of enlightenment
As you read the scroll of identify, it crumbles to dust.
K - a potion of resistance;
n - a potion of resistance;
K - a +0 cloak (worn)
Done exploring.
Done exploring.
What level of the Lair of Beasts? (default 1, ? - help)
Items here: )) [[ ÷÷.
There is an open door here.
You see here a +0 club.
There is an open door here.
There is a stone staircase leading up here.
You climb upwards.
There is a stone staircase leading down here.
There is a staircase to the Orcish Mines here.
There is a stone staircase leading up here.
You climb upwards.
There is a stone staircase leading down here.
There is a stone staircase leading up here.
You climb upwards.
Level annotation: 3 runed translucent doors, Arcadio's ghost, novice DECj
There is a stone staircase leading down here.
The orc shouts!
An orc is nearby!
No target in view!
No target in view!
No target in view!
No target in view!
No target in view!
No target in view!
No target in view!
No target in view!
The orc closely misses you.
You punch the orc!
You kill the orc!
No target in view!
No target in view!
No target in view!
Things that are here:
a +0 trident; a +0 leather armour You see here a +0 hand axe.
There is an open door, spattered with blood here.
There is a staircase to the Lair here.
You climb downwards.
Welcome to the Lair of Beasts!
The komodo dragon hisses angrily. x2
There is a staircase back to the Dungeon here.
There are monsters nearby!
There is a staircase back to the Dungeon here.
Unknown command.
You climb upwards.
Welcome back to the Dungeon!
Level annotation: 3 runed translucent doors, Arcadio's ghost, novice DECj
There is a staircase to the Lair here.
You climb downwards.
Welcome back to the Lair of Beasts!
The komodo dragon bites you!! The komodo dragon barely misses you.
The komodo dragon closely misses you.
The komodo dragon bites you but does no damage.
There is a staircase back to the Dungeon, spattered with blood here.
The komodo dragon completely misses you. x2
You climb upwards.
Welcome back to the Dungeon!
Level annotation: 3 runed translucent doors, Arcadio's ghost, novice DECj
There is a staircase to the Lair here.
You hit the komodo dragon.
The komodo dragon begins to glow.
The komodo dragon is lightly wounded.
The komodo dragon bites you!! x2
* * * LOW HITPOINT WARNING * * *
You hit the komodo dragon.
The komodo dragon glows dangerously bright.
The komodo dragon is lightly wounded.
The komodo dragon bites you!!
You die...

#..............## #.....#
##....#........## #......
#...##..P......######.....
##....PP....P.....##......
##.P..P...P)..............
#..P...P...P..............
#....P..P...P.............
#.P....####P.P............
#.....)#lp#...............
##.....'l.#P..............
#..P..####.P...#(........
#.........P.P..#.∩(.#.##.
##...P...P....###..####..
#..P.P...P......#......#
##...P.PP...#...#......#
###.....P.###.....#####
#...#.#.........#####


You could see 2 komodo dragons.

Vanquished Creatures
  Harold (D:9)
  Fannar (D:10)
  A boulder beetle (D:11)
  Amaemon (D:10)
  An orc knight (Bailey)
  2 elephants (D:8)
  Joseph (D:10)
  An orange demon (D:10)
  Psyche (D:8)
  2 trolls
  A hornet (D:11)
  Grinder (D:5)
  Sigmund (D:2)
  2 wraiths
  3 shadows
  13 yaks
  A wyvern (D:9)
  Edmund (D:5)
  2 acid dragons (D:9)
  A water moccasin (D:7)
  9 orc warriors
  3 ice beasts
  4 black bears
  2 ogres (D:4)
  4 centaurs
  3 phantoms
  3 kobold brigands
  5 bullfrogs
  2 gnoll sergeants
  5 scorpions
  12 wights
  7 killer bees
  3 howler monkeys
  A bombardier beetle (D:4)
  7 jellies
  4 orc priests
  3 hounds
  A gnoll bouda (D:5)
  2 sleepcaps
  7 iguanas
  9 orc wizards
  Robin (D:4)
  15 gnolls
  8 adders
  2 shadow imps
  A white imp (D:6)
  A ribbon worm (D:4)
  4 dart slugs
  45 orcs
  8 ball pythons
  6 endoplasms
  11 hobgoblins
  5 jackals
  6 quokkas
  4 bats
  3 frilled lizards
  21 goblins
  18 kobolds
  4 rats
297 creatures vanquished.

Notes
Turn   | Place    | Note
-------+----------+-------------------------------------------
     0 | D:1      | Flugkiller the Demigod Shapeshifter began the quest for the
                  | Orb.
     0 | D:1      | Reached XP level 1. HP: 15/15 MP: 3/3
    85 | D:1      | Reached XP level 2. HP: 15/22 MP: 4/4
   696 | D:2      | Reached XP level 3. HP: 19/27 MP: 5/5
   769 | D:2      | Noticed Sigmund
   892 | D:2      | Killed Sigmund
   893 | D:2      | Reached skill level 5 in Unarmed Combat
   893 | D:2      | Reached XP level 4. HP: 33/34 MP: 6/6
   893 | D:2      | Reached XP level 5. HP: 38/39 MP: 7/7
  1807 | D:4      | Noticed an ogre
  1919 | D:4      | Killed an ogre
  1920 | D:4      | Reached XP level 6. HP: 30/46 MP: 8/8
  2024 | D:4      | Reached skill level 1 in Fighting
  2200 | D:4      | Reached skill level 2 in Dodging
  2418 | D:4      | Reached XP level 7. HP: 50/53 MP: 9/9
  2657 | D:4      | Noticed Robin
  2679 | D:4      | Killed Robin
  2807 | D:4      | Identified a scroll of acquirement
  2812 | D:4      | Acquired 720 gold pieces
  2917 | D:5      | Entered Level 5 of the Dungeon
  3070 | D:5      | Noticed Grinder
  3087 | D:5      | Paralysed by Grinder for 5 turns
  3093 | D:5      | Killed Grinder
  3094 | D:5      | Reached skill level 3 in Dodging
  3208 | D:5      | Reached XP level 8. HP: 47/63 MP: 10/10
  3388 | D:5      | Noticed Edmund
  3400 | D:5      | Killed Edmund
  3595 | D:5      | Reached skill level 4 in Dodging
  3996 | D:6      | Found a staircase to the Ecumenical Temple.
  4083 | D:6      | Reached skill level 5 in Dodging
  4400 | D:6      | Reached XP level 9. HP: 69/71 MP: 11/11
  4526 | D:6      | Reached skill level 10 in Unarmed Combat
  5738 | D:7      | Reached skill level 5 in Shapeshifting
  6645 | D:8      | Found a flagged portal.
  6656 | Bailey   | Entered a bailey
  7179 | Bailey   | Got the Vellum of Brumal Incineration
  7182 | Bailey   | Noticed an orc knight
  7223 | Bailey   | Killed an orc knight
  7224 | Bailey   | Reached XP level 10. HP: 71/80 MP: 13/13
  7377 | D:8      | Found a runed translucent gate.
  7377 | D:8      | Found a runed translucent gate.
  7377 | D:8      | Found a runed translucent gate.
  7379 | D:8      | Noticed Arcadio's ghost (novice DECj)
  7379 | D:8      | Noticed a tengu warrior
  7380 | D:8      | Noticed a death knight
  7413 | D:8      | Reached skill level 6 in Dodging
  7466 | D:8      | Found Riugaha's Book Shop.
  7495 | D:8      | Noticed an elephant
  7527 | D:8      | Found a staircase to the Lair.
  7527 | D:8      | Noticed an elephant
  7534 | D:8      | Killed an elephant
  7535 | D:8      | Reached skill level 5 in Fighting
  7544 | D:8      | Killed an elephant
  7545 | D:8      | Reached skill level 7 in Dodging
  7656 | D:8      | Noticed Psyche
  8090 | D:8      | Killed Psyche
  8619 | D:9      | Noticed Harold
  8632 | D:9      | Killed Harold
  9333 | D:10     | Entered Level 10 of the Dungeon
  9333 | D:10     | Found a staircase to the Orcish Mines.
  9408 | D:10     | Noticed Joseph
  9426 | D:10     | Killed Joseph
  9427 | D:10     | Reached XP level 11. HP: 68/89 MP: 14/14
  9783 | D:10     | Noticed a balrug
 10005 | D:10     | Noticed Amaemon
 10008 | D:10     | Noticed Fannar
 10020 | D:10     | Killed Amaemon
 10021 | D:10     | Reached skill level 10 in Shapeshifting
 10028 | D:10     | Reached skill level 8 in Dodging
 10813 | D:10     | Killed Fannar
 10814 | D:10     | Reached skill level 9 in Dodging
 11420 | D:11     | Noticed a boulder beetle
 11448 | D:11     | Killed a boulder beetle
 11449 | D:11     | Reached skill level 10 in Dodging
 11754 | D:11     | Reached skill level 11 in Dodging
 12038 | Lair:1   | Entered Level 1 of the Lair of Beasts
 12050 | D:8      | Slain by a komodo dragon

Illustrated notes

Levels and vault maps discovered:
D:1:      eino_arrival_cavern_c, layout_rooms, chequers_serial_rivers_small_3,
          st_stairs_9, minmay_pentomino_q2
D:2:      layout_basic, minmay_surrounded, uniq_sigmund
D:3:      layout_loops_ring, nicolae_overflow_hidden_temple,
          nemelex_dance_club_becter
D:4:      kennysheep_goblin_castle, layout_basic
D:5:      minmay_chambers_of_fours, layout_loops_ring, okawaru_trees_1,
          minmay_ruined_shrine, uniq_grinder, uniq_edmund
D:6:      layout_basic, minmay_temple_entry_waves, minmay_manual_monolith
D:7:      layout_basic, nicolae_overflow_crystal_walls, serial_co_window_serial,
          co_window_corner_a, co_window_corner_a, co_window_cross_1,
          co_window_paths_a, co_window_paths_a, co_window_broadway_a,
          co_window_corner_b, co_window_broadway_b, kennysheep_generic_room_13
D:8:      layout_cave_pools, nicolae_tso_swordbearing_angel,
          grunt_lair_entry_orc_guard_hut, lightli_bailey_entry_fortress,
          serial_shops, shop, ebering_ghost_gozag, uniq_psyche
D:9:      layout_long_grid, lemuel_tele_altar, uniq_harold
D:10:     layout_loops_ring, general_overflow_altar,
          mainiacjoe_overflow_24_doors, xom_teletrap_fun,
          makhleb_altar_promises_db, orc_0_dummy, uniq_amaemon, uniq_joseph,
          uniq_fannar
D:11:     layout_roguey
Lair:1:   layout_cave_pods

Skill      XL: |  1  2  3  4  5  6  7  8  9 10 11 |
---------------+----------------------------------+-----
Unarmed Combat | 3 5 6 7 8 9 10 | 10.0
Fighting       | 1 3 4 6 |  6.0
Dodging        | 2 3 5 7 11 | 11.9
Shapeshifting  | 7 9 10 | 10.0

Action                     |  1- 3 |  4- 6 |  7- 9 | 10-12 || total
---------------------------+-------+-------+-------+-------++-------
  Melee: Unarmed           |   124 |   114 |   377 |   499 ||  1114
         Punch             |     4 |     4 |    30 |       ||    38
  Evoke: Wand              |       |       |     5 |     4 ||     9
    Use: Potion            |     3 |     4 |     2 |     2 ||    11
         Scroll            |       |     3 |    10 |    12 ||    25
   Stab: Paralysed         |       |       |     6 |     3 ||     9
 Armour: Animal skin       |    55 |       |       |       ||    55
         Skin              |    10 |       |     6 |   160 ||   176
         Plate armour      |    26 |    98 |   325 |       ||   449
  Dodge: Dodged            |    61 |    24 |   176 |   452 ||   713
   Form: Flux              |       |       |     1 |       ||     1
